 Dungeon Crawl Stone Soup version 0.28.0 (webtiles) character file.

Game seed: 8143085785116197404

142011 Morbidden the Thaumaturge (level 16, -4/129 HPs)
             Began as a Demigod Air Elementalist on Feb 11, 2022.
             Drowned by a water elemental (15 damage)
             ... on level 2 of the Shoals on Feb 12, 2022.
             The game lasted 01:48:49 (53512 turns).

Morbidden the Thaumaturge (DgAE)                   Turns: 53512, Time: 01:48:50

Health: -4/129     AC: 32    Str: 17    XL:     16   Next: 27%
Magic:  40/40      EV:  0    Int: 29    God:
Gold:   264        SH: 12    Dex: 16    Spells: 20/44 levels left

rFire   + + .      SeeInvis +   g - +2 broad axe (flame)
rCold   + + .      Faith    .   F - +0 tower shield
rNeg    + + +      Spirit   .   k - +2 gold dragon scales
rPois   +          Reflect  .   B - +2 helmet {SInv}
rElec   +          Harm     .   s - scarf {rC+ rF+}
rCorr   .          Rampage  .   H - +3 pair of gloves "Geamoim" {rElec rN+ Dex+2}
Will    +....                   P - +0 pair of boots "Earthly Heaven" {rN++}
Stlth   ..........              m - amulet of Faos {RegenMP Stlth+}
HPRegen 0.31/turn               t - ring of the Tortoise {AC+8}
MPRegen 0.67/turn               R - +4 ring of slaying

@: engulfed (cannot breathe)
A: high MP 1, forlorn, divine attributes
a: no special abilities


You were on level 2 of the Shoals.
You visited 6 branches of the dungeon, and saw 28 of its levels.
You visited 1 bazaar.
You also visited: Bailey, Gauntlet, Ice Cave and Volcano.

You collected 2796 gold pieces.
You spent 2532 gold pieces at shops.

Inventory:

Hand Weapons
 b - the +8 whip "Snakebite" {venom, curare, rPois}
   (You bought it in a shop in a bazaar)

   It poisons the flesh of those it strikes.
   It occasionally inflicts asphyxiating poison on those it strikes, dealing
   poison damage and causing slowness.
   rPois:     It protects you from poison.
 g - a +2 broad axe of flaming (weapon)
 n - the +9 long sword "Kehediwe" {elec, Dex+2}
   (You found it on level 12 of the Dungeon)

   It occasionally discharges a powerful burst of electricity upon striking a
   foe.
   Dex:       It affects your dexterity (+2).
Missiles
 h - 6 silver javelins
 p - 5 throwing nets
 w - 5 silver boomerangs
 L - 8 curare-tipped darts
 M - 36 poisoned darts
 X - 4 javelins
Armour
 d - a +0 kite shield
 k - +2 gold dragon scales (worn)
 s - a scarf of resistance (worn)
 B - a +2 helmet of see invisible (worn)
 F - a +0 tower shield (worn)
 H - the +3 pair of gloves "Geamoim" (worn) {rElec rN+ Dex+2}
   (You found it in a Gauntlet)

   Dex:       It affects your dexterity (+2).
   rElec:     It insulates you from electricity.
   rN:        It protects you from negative energy.
 P - the +0 pair of boots "Earthly Heaven" (worn) {rN++}
   (You acquired it on level 12 of the Dungeon)

   rN:        It greatly protects you from negative energy.
 Z - a +2 scale mail of poison resistance
Magical Staves
 a - a staff of air
Jewellery
 m - the amulet of Faos (around neck) {RegenMP Stlth+}
   (You found it in a Gauntlet)

   [amulet of magic regeneration]

   It increases your rate of magic regeneration.
   Stlth:     It makes you more stealthy.
 t - the ring of the Tortoise (left hand) {AC+8}
   (You found it on level 6 of the Lair of Beasts)

   [ring of protection]

   AC:        It affects your AC (+8).
 G - a ring of magical power
 R - a +4 ring of slaying (right hand)
Wands
 e - a wand of flame (51) (quivered)
 i - a wand of digging (2)
 z - a wand of acid (18)
 E - a wand of paralysis (19)
 O - a wand of iceblast (34)
Scrolls
 f - a scroll of fog
 j - 4 scrolls of enchant weapon
 q - 3 scrolls of silence
 r - 4 scrolls of amnesia
 x - a scroll of magic mapping
 A - 2 scrolls of brand weapon
 C - a scroll of teleportation
 I - 3 scrolls of enchant armour
 V - 5 scrolls of identify
 Y - a scroll of holy word
Potions
 c - 2 potions of invisibility
 l - a potion of ambrosia
 o - 2 potions of cancellation
 u - a potion of heal wounds
 v - 4 potions of curing
 D - a potion of magic
 K - a potion of lignification
 Q - 5 potions of mutation
 S - 4 potions of flight
 T - a potion of berserk rage
Miscellaneous
 J - a box of beasts (inert)
 U - a lightning rod (4/4)
 W - a tin of tremorstones (inert)


   Skills:
 * Level 8.7 Fighting
 + Level 1.3(1.4) Short Blades
 + Level 0.4(1.0) Long Blades
 * Level 5.5(5.7) Axes
 + Level 2.1(4.1) Maces & Flails
 + Level 0.1(1.2) Staves
 + Level 1.0 Throwing
 + Level 3.3 Armour
 * Level 9.0 Dodging
 + Level 3.2 Stealth
 + Level 1.7 Shields
 * Level 14.8 Spellcasting
 + Level 7.1 Conjurations
 * Level 4.0 Necromancy
 * Level 5.8 Transmutations
 + Level 14.1 Air Magic
 + Level 3.8 Earth Magic
 * Level 7.2 Evocations


You had 20 spell levels left.
You knew the following spells:

 Your Spells              Type           Power      Damage    Failure   Level
a - Airstrike             Air            40%        N/A       99%         4
b - Shock                 Conj/Air       100%       1d9       95%         1
c - Necromutation         Tmut/Necr      25%        N/A       100%        8
d - Swiftness             Air            80%        N/A       88%         3
e - Statue Form           Tmut/Erth      32%        N/A       100%        6
z - Static Discharge      Conj/Air       70%        N/A       98%         2

Your spell library contained the following spells:

 Spells                   Type           Power      Damage    Failure   Level
 Magic Dart               Conj           100%       1d8       100%        1
 Call Imp                 Summ           21%        N/A       100%        2
 Corpse Rot               Necr/Air       100%       N/A       100%        2
 Poisonous Vapours        Pois/Air       100%       N/A       100%        2
 Sublimation of Blood     Necr           44%        N/A       100%        2
 Conjure Flame            Conj/Fire      42%        6-21      100%        3
 Gell's Gravitas          Tloc           21%        N/A       100%        3
 Ignite Poison            Fire/Tmut/Pois 32%        N/A       100%        3
 Lesser Beckoning         Tloc           21%        N/A       100%        3
 Mephitic Cloud           Conj/Pois/Air  58%        N/A       100%        3
 Teleport Other           Tloc           21%        N/A       100%        3
 Tukima's Dance           Hex            21%        N/A       100%        3
 Anguish                  Hex/Necr       16%        N/A       100%        4
 Hailstorm                Conj/Ice       42%        3d10      100%        4
 Ice Form                 Ice/Tmut       38%        N/A       100%        4
 Petrify                  Tmut/Erth      49%        N/A       100%        4
 Sticky Flame             Conj/Fire      42%        2d6       100%        4
 Irradiate                Conj/Tmut      28%        3d23      100%        5
 Metabolic Englaciation   Hex/Ice        10%        N/A       100%        5
 Summon Forest            Summ/Tloc      10%        N/A       100%        5
 Eringya's Noxious Bog    Tmut/Pois      19%        N/A       100%        6
 Simulacrum               Ice/Necr       16%        N/A       100%        6
 Enfeeble                 Hex            10%        N/A       100%        7
 Summon Hydra             Summ           10%        N/A       100%        7
 Borgnjor's Revivificati  Necr           22%        N/A       100%        8
 Death's Door             Necr           22%        N/A       100%        9


Dungeon Overview and Level Annotations

Branches:
Dungeon (15/15)            Temple (1/1) D:6            Lair (6/6) D:8
 Shoals (1/4) Lair:3       Spider (2/4) Lair:4        Slime (0/5) Lair:5
    Orc (2/2) D:9             Elf (0/3) Orc:2        Vaults (0/5) D:14
 Depths (0/4) D:15         Bailey (visited)           IceCv (visited)
Volcano (visited)         Gauntlet (visited)

Shops:
Orc:1 =   Orc:2 *!(   Shoals:2 [

Annotations:
D:10 2 transporters, Urug; aoei's ghost, novice DDFi
Lair:5 3 runed translucent doors, Adireryl's ghost, journeyman HOFi; Plazmod's ghost, journeyman DECj; Qoypruj's ghost, journeyman MiGl
Shoals:1 Donald
Spider:2 Mlioglotl


Innate Abilities, Weirdness & Mutations

You have an increased reservoir of magic. (+10% MP)
You shall have no god before yourself.
Your divine heritage dramatically boosts your attributes as you level up.


Message History

The water elemental hits you. x2
You barely miss the water elemental.
The water elemental is lightly damaged.
You hit the water elemental. You burn the water elemental.
Your lungs strain for air!
The water elemental hits you! You block the water elemental's attack.
The water elemental hits you. You block the water elemental's attack.
You are too injured to fight recklessly!
You are too injured to fight recklessly!
You are too injured to fight recklessly!
Unknown command.
You are too injured to fight recklessly!
You are too injured to fight recklessly!
Unknown command.
You are too injured to fight recklessly!
You hit the water elemental. You burn the water elemental.
The water elemental is lightly damaged.
You completely miss the water elemental.
Your lungs strain for air!
The water elemental hits you! The water elemental hits you.
Unknown command.
You hit the water elemental but do no damage.
The water elemental is lightly damaged.
You slash the water elemental! You burn the water elemental!
* * * LOW HITPOINT WARNING * * *
Your lungs strain for air!
You block the water elemental's attack. x2; The water elemental hits you.
* * * LOW HITPOINT WARNING * * *
The water elemental hits you.
You slice the water elemental!! You burn the water elemental!
The water elemental is severely damaged.
You slash the water elemental! You burn the water elemental.
You destroy the water elemental!
* * * LOW HITPOINT WARNING * * *
Your lungs strain for air!
The water elemental hits you. You block the water elemental's attack.
Unknown command.
You barely miss the water elemental.
The water elemental is severely damaged.
You die...

.≈≈≈≈≈(..≈.)≈≈≈≈≈≈≈≈
......≈≈....##.≈≈≈≈≈≈≈
...>^.≈..... #.≈≈≈≈≈≈≈
≈≈≈≈≈≈≈.....###$≈≈≈≈≈≈≈≈.
≈≈≈≈≈≈≈.$/.....≈≈≈≈≈≈≈≈≈≈
≈≈≈≈≈..........≈≈≈ ≈≈≈
≈≈.........$...≈≈≈≈≈≈ ≈≈≈
≈≈≈≈≈...E.....≈≈≈≈≈≈≈ ≈≈≈
≈≈.≈≈≈≈.@.##..≈≈≈≈≈≈≈ ≈≈≈
≈...≈≈≈..## .≈≈≈≈≈≈≈ ≈≈≈
≈........# ≈≈≈≈≈≈≈ ≈≈≈
≈........#####≈.≈≈≈≈≈ ≈≈≈
..≈≈...##).#...≈≈≈≈≈≈ ≈≈≈
..≈≈≈>##....>.≈≈≈≈≈≈≈≈≈≈≈
...≈≈. ##.##...≈≈≈≈≈≈≈≈≈≈
...≈.. #####.≈≈≈≈≈≈≈≈≈≈≈
..... #....≈≈≈≈≈≈≈≈≈≈≈


You could see a water elemental.

Vanquished Creatures
  Rupert (Orc:1)
  Agnes (D:15)
  An emperor scorpion (Spider:1)
  A dire elephant (D:15)
  An entropy weaver (Spider:1)
  Azrael (D:12)
  A minotaur (Gauntlet)
  A green death (Gauntlet)
  Snorg (Lair:4)
  A fire dragon (Volcano)
  A merfolk impaler (Shoals:2)
  Harold (D:10)
  5 vault guards (D:14)
  6 boulder beetles
  2 catoblepae
  13 hydras
  4 centaur warriors
  An ogre mage (D:14)
  A radroach (Spider:1)
  A merfolk aquamancer (Shoals:2)
  2 two-headed ogres
  15 death yaks
  A deep troll shaman (Lair:6)
  A tengu warrior (D:15)
  A hell knight (D:14)
  Nergalle (D:10)
  2 pharaoh ants (Spider:1)
  A steelbarb worm (Spider:1)
  A lindwurm (Volcano)
  2 bog bodies (IceCv)
  3 harpies (Shoals:2)
  13 orc knights
  8 deep elf pyromancers
  A deep elf zephyrmancer (D:13)
  2 orc sorcerers
  12 ugly things
  2 moths of wrath (Spider:1)
  4 cyclopes
  8 wolf spiders (Spider:1)
  A salamander (D:15)
  2 manticores
  3 merfolk sirens (Shoals:2)
  26 elephants
  2 molten gargoyles (Volcano)
  An ice statue (IceCv)
  5 black mambas
  3 centaur zombies
  A gargoyle (D:14)
  A torpor snail (Lair:6)
  12 cane toads
  2 kobold demonologists
  A yaktaur (D:14)
  4 rime drakes
  A demonic crawler (Spider:1)
  Maggie (D:10)
  A minotaur zombie (Gauntlet)
  An entropy weaver simulacrum (IceCv)
  A freezing wraith (D:14)
  9 komodo dragons
  An unseen horror (D:13)
  3 meliai (D:15)
  6 merfolk (Shoals:2)
  6 polar bears
  8 trolls
  A wind drake (Shoals:2)
  Grinder (D:3)
  21 blink frogs
  7 slime creatures
  7 tarantellas (Spider:1)
  Prince Ribbit (D:7)
  12 dream sheep
  2 jumping spiders (Spider:1)
  13 culicivoras
  A snapping turtle (Lair:3)
  A shadow (D:10)
  3 water elementals (Shoals:2)
  A vampire (D:12)
  A wraith (D:11)
  40 yaks
  5 steam dragons
  3 dire elephant simulacra (IceCv)
  8 wyverns
  3 fire elementals (D:12)
  6 humans
  4 fire bats (Volcano)
  10 basilisks
  7 vampire mosquitoes
  A death yak simulacrum (IceCv)
  19 redbacks (Spider:1)
  3 harpy simulacra (IceCv)
  11 wargs
  A warg (shapeshifter) (D:14)
  2 acid dragons (D:9)
  21 water moccasins
  2 hell hounds
  2 black bears
  58 orc warriors
  3 sky beasts
  An ice beast (D:6)
  A necrophage (D:8)
  66 wolves
  10 centaurs
  7 ogres
  A phantom (D:6)
  3 kobold brigands
  7 bullfrogs
  A wyvern zombie (D:7)
  2 gnoll sergeants
  5 two-headed ogre simulacra (IceCv)
  A wyvern skeleton (D:7)
  4 killer bees (D:10)
  An electric eel (Lair:3)
  5 howler monkeys
  8 wights
  3 lava snakes (Volcano)
  2 hounds
  4 jellies
  16 orc priests
  Crazy Yiuf (D:7)
  A centaur skeleton (D:3)
  A gnoll shaman (D:8)
  Jessica (D:3)
  Ijyb (D:3)
  3 iguanas
  7 orc wizards
  3 polar bear simulacra (IceCv)
  6 troll simulacra (IceCv)
  2 wolf simulacra (IceCv)
  A killer bee zombie (D:8)
  3 spriggan simulacra (IceCv)
  A howler monkey zombie (D:9)
  23 gnolls
  4 adders
  4 naga simulacra (IceCv)
  2 shadow imps
  6 white imps (IceCv)
  8 ufetubi (IceCv)
  An adder skeleton (D:4)
  A worm (D:2)
  2 dart slugs (D:1)
  86 orcs
  10 endoplasms
  A giant cockroach (D:3)
  10 goblins
  8 hobgoblins
  2 jackals
  4 quokkas
  8 ball pythons
  A bat (D:3)
  17 frilled lizards
  20 kobolds
  8 rats
  A butterfly (D:1)
914 creatures vanquished.

Vanquished Creatures (others)
  A deep elf zephyrmancer (D:13)
  A quokka (D:10)
  4 bushes (D:8)
  68 fungi
  112 plants
  4 withered plants (Lair:5)
190 creatures vanquished.

Grand Total: 1104 creatures vanquished

Notes
Turn   | Place    | Note
-------+----------+-------------------------------------------
     0 | D:1      | Morbidden the Demigod Air Elementalist began the quest for
                  | the Orb.
     0 | D:1      | Reached XP level 1. HP: 14/14 MP: 5/5
   127 | D:1      | Learned a level 1 spell: Magic Dart
   359 | D:1      | Reached XP level 2. HP: 22/22 MP: 2/7
   530 | D:1      | Reached skill level 1 in Conjurations
  1019 | D:1      | Reached XP level 3. HP: 27/27 MP: 6/8
  1797 | D:2      | Learned a level 2 spell: Static Discharge
  2320 | D:2      | Reached XP level 4. HP: 34/34 MP: 5/10
  2622 | D:3      | Noticed Ijyb
  2632 | D:3      | Killed Ijyb
  2727 | D:3      | Noticed Jessica
  2729 | D:3      | Killed Jessica
  2730 | D:3      | Reached XP level 5. HP: 39/39 MP: 9/12
  2819 | D:3      | Noticed Grinder
  2826 | D:3      | Paralysed by Grinder for 3 turns
  2842 | D:3      | Killed Grinder
  2843 | D:3      | Reached skill level 1 in Fighting
  2843 | D:3      | Reached XP level 6. HP: 11/47 MP: 6/14
  4523 | D:5      | Entered Level 5 of the Dungeon
  4543 | D:5      | Reached XP level 7. HP: 52/52 MP: 9/16
  4931 | D:5      | Noticed a troll
  4948 | D:5      | Killed a troll
  4949 | D:5      | Reached skill level 5 in Air Magic
  5628 | D:6      | Reached XP level 8. HP: 39/62 MP: 8/18
  6175 | D:6      | Reached skill level 5 in Spellcasting
  6277 | D:6      | Learned a level 4 spell: Airstrike
  6555 | D:6      | Found a staircase to the Ecumenical Temple.
  7704 | D:7      | Found a runed translucent door.
  7705 | D:7      | Noticed Crazy Yiuf
  7779 | D:7      | Reached XP level 9. HP: 70/70 MP: 4/21
  8142 | D:7      | Noticed Prince Ribbit
  8156 | D:7      | Killed Prince Ribbit
  8726 | D:8      | Reached skill level 5 in Conjurations
  9993 | D:8      | Found a staircase to the Lair.
 10075 | D:8      | Reached XP level 10. HP: 44/78 MP: 5/25
 10718 | D:9      | Found a staircase to the Orcish Mines.
 11991 | D:10     | Entered Level 10 of the Dungeon
 12112 | D:10     | Found a flagged portal.
 12125 | Bailey   | Entered a bailey
 13241 | Bailey   | Noticed an orc knight
 13314 | D:10     | Noticed Maggie
 13318 | D:10     | Killed Maggie
 13400 | D:10     | Noticed Urug
 14104 | D:10     | Noticed Nergalle
 14111 | D:10     | Killed Nergalle
 14112 | D:10     | Reached skill level 1 in Evocations
 14451 | D:10     | Reached XP level 11. HP: 85/85 MP: 18/28
 14558 | D:10     | Found a transporter.
 14561 | D:10     | Noticed aoei's ghost (novice DDFi)
 14563 | D:10     | Found a transporter.
 14578 | D:10     | Noticed Harold
 14584 | D:10     | Killed Harold
 14585 | D:10     | Reached skill level 1 in Short Blades
 15018 | Temple   | Entered the Ecumenical Temple
 15118 | Lair:1   | Entered Level 1 of the Lair of Beasts
 15343 | D:8      | Reached skill level 5 in Fighting
 15606 | D:8      | Learned a level 3 spell: Swiftness
 15842 | Lair:1   | Reached skill level 5 in Dodging
 16174 | Lair:1   | Reached skill level 10 in Air Magic
 18282 | Lair:2   | Noticed a catoblepas
 18307 | Lair:2   | Killed a catoblepas
 18308 | Lair:2   | Reached skill level 10 in Spellcasting
 19029 | Lair:3   | Reached XP level 12. HP: 75/94 MP: 30/30
 19954 | Lair:3   | Noticed a six-headed hydra
 19957 | Lair:3   | Killed a six-headed hydra
 20842 | Lair:3   | Noticed a seven-headed hydra
 20847 | Lair:3   | Killed a seven-headed hydra
 20921 | Lair:3   | Found a staircase to the Shoals.
 21228 | Lair:3   | Reached skill level 1 in Armour
 23961 | Lair:4   | Learned a level 6 spell: Statue Form
 24007 | Lair:4   | Reached XP level 13. HP: 102/102 MP: 22/33
 24301 | Lair:4   | Found a hole to the Spider Nest.
 24330 | Lair:4   | Reached skill level 1 in Earth Magic
 25277 | Lair:4   | Noticed Snorg
 25377 | Lair:3   | Reached skill level 1 in Transmutations
 25677 | Lair:4   | Killed Snorg
 26184 | Lair:5   | Found a gate leading to a gauntlet.
 26291 | Gauntlet | Entered a Gauntlet
 26291 | Gauntlet | Noticed a dire elephant
 26291 | Gauntlet | Found a transporter.
 26291 | Gauntlet | Found a transporter.
 26291 | Gauntlet | Found a transporter.
 26321 | Gauntlet | Found a transporter.
 26331 | Gauntlet | Found a transporter.
 26346 | Gauntlet | Found a transporter.
 26356 | Gauntlet | Found a transporter.
 26371 | Gauntlet | Found a transporter.
 26377 | Gauntlet | Found a transporter.
 26391 | Gauntlet | Found a transporter.
 26397 | Gauntlet | Found a transporter.
 26402 | Gauntlet | Found a transporter.
 26529 | Gauntlet | Identified the amulet of Faos {RegenMP Stlth+}
 27085 | Gauntlet | Identified the +3 battleaxe of the Exiled Interlopers
                  | {elec, *Corrode Will+ Dex+2 Stlth+}
 27175 | Gauntlet | Noticed a minotaur
 27190 | Gauntlet | Killed a minotaur
 27461 | Gauntlet | Identified the +3 pair of gloves "Geamoim" {rElec rN+
                  | Dex+2}
 27811 | Lair:5   | Found a runed translucent gate.
 27812 | Lair:5   | Found a runed translucent gate.
 27813 | Lair:5   | Found a runed translucent gate.
 27823 | Lair:5   | Noticed Qoypruj's ghost (journeyman MiGl)
 27823 | Lair:5   | Noticed Plazmod's ghost (journeyman DECj)
 27823 | Lair:5   | Noticed Adireryl's ghost (journeyman HOFi)
 28428 | Lair:5   | Reached skill level 1 in Axes
 28958 | Lair:5   | Found a staircase to the Slime Pits.
 29410 | Lair:4   | Reached skill level 5 in Evocations
 30238 | Lair:6   | Entered Level 6 of the Lair of Beasts
 30244 | Lair:6   | Reached XP level 14. HP: 110/111 MP: 34/35
 30318 | Lair:6   | Found a dark tunnel.
 30324 | Volcano  | Entered a volcano
 30709 | Lair:6   | Found a frozen archway.
 30719 | IceCv    | Entered an ice cave
 31561 | IceCv    | Identified the +10 dagger "Ziosi" {freeze, rF+}
 33200 | Lair:6   | Reached skill level 1 in Shields
 35148 | Lair:6   | Found the ring of the Tortoise {AC+8}
 35355 | D:7      | Killed Crazy Yiuf
 36879 | D:12     | Found a flickering gateway to a bazaar.
 36913 | Bazaar   | Entered a bazaar
 36929 | Bazaar   | Found Qefypof's Weapon Shoppe.
 36930 | Bazaar   | Found Ceihear's Jewellery Shoppe.
 36975 | Bazaar   | Found Ynuraheato's Jewellery Emporium.
 36975 | Bazaar   | Found Boitor's Book Emporium.
 37023 | Bazaar   | Bought a Necronomicon for 504 gold pieces
 37032 | Bazaar   | Learned a level 8 spell: Necromutation
 37084 | Bazaar   | Bought the +8 whip "Snakebite" {venom, curare, rPois} for
                  | 758 gold pieces
 37084 | Bazaar   | Found the +8 whip "Snakebite" {venom, curare, rPois}
 37175 | D:12     | Noticed Azrael
 37184 | D:12     | Killed Azrael
 37365 | D:12     | Identified the +9 long sword "Kehediwe" {elec, Dex+2}
 37419 | D:12     | Identified a scroll of acquirement
 37419 | D:12     | Acquired the +0 pair of boots "Earthly Heaven" {rN++}
 38801 | D:13     | Reached skill level 1 in Necromancy
 38854 | D:13     | Reached skill level 1 in Maces & Flails
 39426 | D:13     | Reached XP level 15. HP: 121/121 MP: 28/37
 41822 | D:14     | Found a gate to the Vaults.
 41948 | D:15     | Entered Level 15 of the Dungeon
 42016 | D:15     | Noticed Agnes
 42086 | D:15     | Killed Agnes
 44233 | D:15     | Found a staircase to the Depths.
 44466 | Orc:1    | Entered Level 1 of the Orcish Mines
 44542 | Orc:1    | Reached skill level 5 in Transmutations
 44982 | Orc:1    | Found Yfag Korch's Jewellery Emporium.
 46330 | Orc:2    | Entered Level 2 of the Orcish Mines
 47257 | Orc:2    | Found a staircase to the Elven Halls.
 47845 | Orc:2    | Noticed Rupert
 47900 | Orc:1    | Killed Rupert
 47901 | Orc:1    | Reached skill level 5 in Axes
 48425 | Orc:2    | Found Lerhes's General Store.
 48425 | Orc:2    | Found Derras's Antique Weapon Boutique.
 48431 | Orc:2    | Bought a scroll of teleportation for 48 gold pieces
 48518 | Orc:2    | Found Fote's Distillery.
 48538 | Orc:2    | HP: 4/122 [orc knight (13)]
 49234 | Orc:2    | Found Zelumoczis's Antique Weapon Boutique.
 49343 | Orc:2    | Bought a potion of heal wounds for 70 gold pieces
 49343 | Orc:2    | Bought a potion of heal wounds for 70 gold pieces
 49343 | Orc:2    | Bought a potion of heal wounds for 70 gold pieces
 50076 | Spider:1 | Entered Level 1 of the Spider Nest
 50296 | Spider:1 | Reached XP level 16. HP: 27/129 MP: 21/40
 50436 | Spider:1 | Reached skill level 1 in Throwing
 51975 | Spider:2 | Noticed Mlioglotl
 52446 | Shoals:1 | Entered Level 1 of the Shoals
 52446 | Shoals:1 | Noticed Donald
 52446 | Shoals:1 | You fall into a shaft and drop 1 floor!
 52468 | Shoals:2 | HP: 2/129 [faun/stone (9)]
 52476 | Shoals:2 | Found Indra's Dragon-Slaying Spoils.
 53120 | Shoals:2 | Bought +2 gold dragon scales for 1012 gold pieces
 53512 | Shoals:2 | Drowned by a water elemental

Illustrated notes

Levels and vault maps discovered:
D:1:      minmay_arrival_stone_box, layout_basic, ebering_ecumenical_altar_mist,
          hangedman_decor_growths, hangedman_glass_garden,
          kennysheep_flooded_box
D:2:      layout_loops_ring
D:3:      layout_loops_ring, uniq_ijyb, uniq_grinder, uniq_jessica
D:4:      layout_loops_ring
D:5:      layout_loops_ring
D:6:      layout_cave_pools, minmay_temple_entry_nine_rooms,
          minmay_misc_feat_pillars, serial_park_tiny_1, minmay_lizard_king
D:7:      layout_cave_pods, gammafunk_temple_overflow_claw,
          uniq_crazy_yiuf_cottage, uniq_prince_ribbit1
D:8:      layout_loops_ring, minmay_lair_entry_grove
D:9:      layout_layer_cave, orc_0_dummy
D:10:     layout_stronghold, elyvilon_altar_4, gammafunk_ghost_hive,
          enter_bailey_3, uniq_maggie, uniq_urug, uniq_harold, uniq_nergalle
D:11:     layout_long_grid
D:12:     layout_basic, serial_shops, bzr_entry_road, zin_treasury, uniq_azrael
D:13:     layout_cave_pods, elves_outpost_lemuel
D:14:     layout_irregular_city, grunt_vaults_entry_fortified,
          kennysheep_four_rooms
D:15:     hangedman_depths_entry_try_elsewhere_first, layout_basic,
          minmay_crystal_room, uniq_agnes
Temple:   dpeg_five_rooms_temple
Lair:1:   layout_regular_city, grunt_megastairs_3
Lair:2:   layout_hall_layers, serial_bayou_pond_a, grunt_forest_large_clearings,
          serial_bayou_shore_b, lemuel_fruit_fields
Lair:3:   layout_layer_cave, minmay_shoals_entry_hut, st_stairs_13,
          grunt_megastairs_2
Lair:4:   layout_long_grid, hellmonk_spider_entry_life_and_decay,
          beast_lair_carwin_4, uniq_snorg
Lair:5:   slaughterhouse, layout_cave_pods, minmay_slime_entry_pillars,
          gammafunk_ghost_cemetery, gauntlet_entry_generic, lemuel_fruit_tree,
          grunt_megastairs_4
Lair:6:   grunt_lair_end_beastmaster, layout_loops_ring,
          portal_ice_cave_entry_pillars_2, nicolae_volcano_entry_lava_flow,
          grunt_megastairs_5
Shoals:1: layout_shoals, ebering_ghost_disaster_area, uniq_donald
Shoals:2: layout_shoals, serial_shops, shop, nicolae_shop_dragon_depot,
          nicolae_shoals_goliath_grotto
Spider:1: layout_spider_delve, spiders_nest_spider_trap
Spider:2: layout_spider_delve, uniq_mlioglotl, uniq_aizul
Orc:1:    layout_caves, serial_shops, shop, special_room [special_room_orc]
Orc:2:    st_orc_town, layout_diamond_mine, basic_altar, uniq_rupert

Skill      XL: |  1  2  3  4  5  6  7  8  9 10 11 12 13 14 15 16 |
---------------+-------------------------------------------------+-----
Air Magic      | 3 4 5 6 8 9 11 12 13 14 | 14.1
Conjurations   | 1 2 3 4 5 6 7 |  7.1
Spellcasting   | 2 3 4 6 7 8 10 11 12 13 14 | 14.8
Stealth        | 2 3 |  3.2
Fighting       | 1 2 3 4 5 6 7 8 |  8.7
Dodging        | 2 3 4 5 6 7 8 9 |  9.0
Evocations     | 1 2 3 5 7 |  7.2
Short Blades   | 1 |  1.3
Armour         | 1 2 3 |  3.3
Earth Magic    | 2 3 |  3.8
Transmutations | 3 4 5 |  5.8
Axes           | 2 4 5 |  5.5
Shields        | 1 |  1.7
Necromancy     | 1 3 4 |  4.0
Maces & Flails | 1 2 |  2.1
Throwing       | 1 |  1.0
Long Blades    | |  0.4
Staves         | |  0.1

Action                   |  1- 3 |  4- 6 |  7- 9 | 10-12 | 13-15 | 16-18 || total
-------------------------+-------+-------+-------+-------+-------+-------++-------
Melee: Unarmed           |    13 |       |       |       |       |       ||    13
       Short sword       |    10 |     1 |    27 |       |       |       ||    38
       Dagger            |       |       |    16 |    98 |    29 |       ||   143
       Punch             |       |       |     2 |     4 |       |       ||     6
       Staff             |       |       |       |    38 |    25 |     2 ||    65
       Whip              |       |       |       |       |   402 |    32 ||   434
       Long sword        |       |       |       |       |    27 |       ||    27
       Broad axe         |       |       |       |       |    18 |    30 ||    48
Throw: Throwing net      |       |     1 |       |       |     3 |       ||     4
       Boomerang         |       |       |     3 |     3 |       |       ||     6
       Dart              |       |       |       |     4 |    36 |       ||    40
       Javelin           |       |       |       |       |     1 |       ||     1
 Cast: Shock             |    87 |   104 |    85 |     2 |    30 |     1 ||   309
       Magic Dart        |    22 |       |    27 |     1 |       |       ||    50
       Static Discharge  |       |       |     3 |    53 |   103 |     2 ||   161
       Airstrike         |       |       |    92 |   350 |   989 |   116 ||  1547
       Swiftness         |       |       |       |       |     8 |       ||     8
Evoke: Wand              |       |       |     5 |    10 |    18 |     4 ||    37
       Tin of tremorston |       |       |       |     2 |     4 |     2 ||     8
       Lightning rod     |       |       |       |       |     7 |       ||     7
       Phial of floods   |       |       |       |       |     1 |       ||     1
       Box of beasts     |       |       |       |       |       |     1 ||     1
  Use: Potion            |     1 |       |     1 |     5 |     9 |     6 ||    22
       Scroll            |       |     2 |       |    14 |    18 |     5 ||    39
 Stab: Sleeping          |       |       |     2 |     3 |     1 |       ||     6
       Paralysed         |       |       |       |       |     9 |       ||     9
       Distracted        |       |       |       |       |       |     1 ||     1
Armor: Robe              |     5 |       |    10 |       |       |       ||    15
       Skin              |       |     1 |       |    31 |       |       ||    32
       Steam dragon scal |       |       |    12 |    54 |       |       ||    66
       Scale mail        |       |       |       |    56 |   536 |    84 ||   676
       Ice dragon scales |       |       |       |       |    10 |       ||    10
       Gold dragon scale |       |       |       |       |       |    45 ||    45
Dodge: Dodged            |    25 |    12 |    73 |   367 |   635 |    45 ||  1157
Block: Buckler           |       |       |       |    50 |   127 |       ||   177
       Kite shield       |       |       |       |       |    84 |       ||    84
       Tower shield      |       |       |       |       |    35 |    98 ||   133
